[Event "*** Titled Tuesday Blitz"]
[Site "Chess.com"]
[Date "2019.10.01"]
[Round "7"]
[White "Roman_Ovetchkin"]
[Black "Sashadav97"]
[Result "1/2-1/2"]
[WhiteElo "2651"]
[BlackElo "2530"]
[TimeControl "180+2"]
[EndTime "14:40:37 PDT"]
[Termination "Game drawn by agreement"]

1. d4 Nf6 2. c4 e6 3. Nc3 Bb4 4.
a3 Bxc3+ 5. bxc3 d5 6. cxd5 exd5 7. e3 O-O 8. Bd3 b6 9. Ne2 c5 10. O-O Ba6 11. dxc5 bxc5 12. Bxa6 Nxa6 13. c4 dxc4 14.
Qa4 Nc7 15. Qxc4 Rb8 16. f3 Ne6 17. e4 Nd7 18. Rd1 Ne5 19. Qc2 Nd4 20. Nxd4 cxd4 21. Bb2 d3 22. Qf2 Nc4 23. Bd4 d2 24. Bxa7 Rb3 25.
Bc5 Re8 26. Bb4 Rd3 27. Ra2 Qd7 28. Raxd2 Nxd2 29. Rxd2 Rc8 30. Qe1 Qd4+ 31. Kf1 h6 32.
Qd1 Rxd2 33. Qxd2 Qa1+ 34. Kf2 Qb1 35. Kg3 Rc2 36. Qd8+ Kh7 37. Qd5 Qf1 38. Qf5+ Kg8 39.
Qh3 Qf2+ 40. Kf4 Qxg2 41. Qxg2 Rxg2 42. h4 g5+ 43. hxg5 Rxg5 44. Be7 Rg6 45. e5 Re6 46. Bd6 Rg6 47. a4 Rg1 48. a5 Ra1 49. Bc7 Ra3 50. Kg4 h5+ 51. Kxh5 Rxf3 52. Kg5 Kf8 53. Bb6 Ke8 54.
a6 Ra3 55. a7 Kd7 56. Kf5 Rf3+ 57. Ke4 Ra3 58. Kd5 Ra1 59. Bc5 Ra2 60. Bd4 Ra3 61. Bc5 Ra2 62. Bd4 Ra3 1/2-1/2

[Event "*** Titled Tuesday Blitz"]
[Site "Chess.com"]
[Date "2019.10.01"]
[Round "7"]
[White "Tjktiger"]
[Black "AntonSmirnov"]
[Result "0-1"]
[WhiteElo "2818"]
[BlackElo "2914"]
[TimeControl "180+2"]
[EndTime "14:40:38 PDT"]
[Termination "AntonSmirnov won by resignation"]

1. c4 e5 2. Nc3 Nc6 3. Nf3 Nf6 4. e4 Bb4 5. d3 d6 6. a3 Bxc3+ 7. bxc3 O-O 8. g3 Bg4 9. Bg2 Nd7 10. h3 Bh5 11. O-O b6 12. Be3 Qe7 13. Qd2 Bxf3 14. Bxf3 Rae8 15.
Bg2 Nc5 16. Rab1 Nd8 17. Kh2 Nde6 18. d4 Nd7 19. f4 f6 20. Rbe1 Kh8 21. h4 c5 22. d5 Nd8 23. f5 Nf7 24. g4 h6 25.
Bf3 Rb8 26. a4 a6 27. Be2 Rb7 28. Kg3 Rfb8 29. Rb1 Kg8 30. Rg1 Nf8 31. Kf2 Nh7 32.
Qa2 Qd7 33. Rb2 Nf8 34. Rgb1 Qc7 35. a5 bxa5 36. Rxb7 Rxb7 37. Rxb7 Qxb7 38. Qxa5 Nd7 39. Qa4 Kf8 40. Bd1 Ke7 41. Qa1 Nb6 42. Qa2 Nd8 43.
g5 hxg5 44. hxg5 Nf7 45. g6 Ng5 46. Bc2 Nd7 47. Kg3 Qc8 48. Bd3 Qh8 49. Qh2 Qxh2+ 50. Kxh2 Nb6 51. Kg3 Na4 52. Kg4 Nb2 53. Bc2 Nxc4 54.
Bxg5 fxg5 55. Kxg5 Kf8 56. f6 a5 57. Ba4 Nb6 58.
Bb3 a4 59. Ba2 a3 60. Kf5 Na4 61. fxg7+ Kxg7 62. Ke6 Nxc3 63. Bb3 Nxe4 64. Ke7 Kxg6 0-1

[Event "*** Titled Tuesday Blitz"]
[Site "Chess.com"]
[Date "2019.10.01"]
[Round "7"]
[White "TheLancer"]
[Black "boasovietica"]
[Result "1-0"]
[WhiteElo "2567"]
[BlackElo "2418"]
[TimeControl "180+2"]
[EndTime "14:40:53 PDT"]
[Termination "TheLancer won by resignation"]

1. e4 e5 2. Nf3 Nc6 3. Bb5 a6 4. Ba4 Nf6 5. O-O Be7 6. Re1 b5 7. Bb3 d6 8. c3 O-O 9. a4 Bb7 10. d3 Nd7 11. Bc2 g6 12. h3 Bf6 13. Nbd2 Re8 14. Nf1 Bg7 15. Ng3 Nc5 16. axb5 axb5 17. Rxa8 Bxa8 18. b4 Ne6 19. Bb3 Qd7 20. Ng5 Nxg5 21.
Bxg5 Bb7 22. Qd2 Nd8 23. d4 exd4 24. cxd4 Ne6 25. Be3 d5 26. e5 c6 27. f4 f5 28.
exf6 Bxf6 29. f5 Nxd4 30. Bxd4 Bxd4+ 31. Kh1 Rxe1+ 32. Qxe1 gxf5 33. Qd2 Bf6 34. Bc2 Bc8 35. Bxf5 Qd8 36. Qf2 Bh4 37. Qf3 Bxf5 38. Nxf5 Bf6 39. g4 Qe8 40. Nh6+ Kg7 41. Nf5+ Kg6 42. Kg2 Qe4 43.
Qxe4 dxe4 44. Kf2 Bg5 45. h4 Bd2 46. Ne7+ Kf6 47. Nxc6 Ke6 48. Ke2 Bc3 49. Ke3 Kd5 50.
Ne7+ Ke5 51. Nc6+ Kd5 52. Ne7+ Kc4 53. Kxe4 Bxb4 54. Nd5 Bd2 55. Nb6+ Kc5 56. Nd7+ Kd6 57. Ne5 b4 58. Nc4+ Kc5 59. Nxd2 Kb5 60. Kd4 Kc6 61. Kc4 Kd6 62. Nf3 Ke6 63. Kxb4 Kd5 64. Ng5 h6 65. Nf7 h5 66. gxh5 Ke6 67. Ng5+ Kf6 68.
h6 1-0

[Event "*** Titled Tuesday Blitz"]
[Site "Chess.com"]
[Date "2019.10.01"]
[Round "7"]
[White "FairChess_on_YouTube"]
[Black "1stSecond"]
[Result "1-0"]
[WhiteElo "2987"]
[BlackElo "2850"]
[TimeControl "180+2"]
[EndTime "14:41:02 PDT"]
[Termination "FairChess_on_YouTube won by resignation"]

1. e4 e5 2. Nf3 Nc6 3. Bb5 a6 4. Ba4 Nf6 5. O-O Be7 6. Re1 b5 7.
Bb3 d6 8. c3 O-O 9. d4 Bg4 10. d5 Na5 11. Bc2 c5 12. h3 Bd7 13.
Nbd2 Nb7 14. a4 c4 15. axb5 axb5 16. Rxa8 Qxa8 17. b4 cxb3 18. Nxb3 Rc8 19. Bd2 Bd8 20. Qb1 Bb6 21. Bd3 Qa7 22. Rf1 Nh5 23. Qa1 Qb8 24.
Qa6 Nc5 25. Nxc5 Bxc5 26. Rb1 Rc7 27. Qa2 Qb6 28. Be1 Nf4 29. Rxb5 Qa7 30. Ra5 Qb7 31.
Ra8+ Rc8 32. Rxc8+ Qxc8 33. Bf1 h6 34. Bd2 Nh5 35. Ne1 Nf6 36. Qc4 Qb8 37. Nd3 Ba7 38. Nb4 Bc5 39. Na6 Qb1 40. Nxc5 dxc5 41. f3 Nh5 42. Qxc5 Ng3 43. Qf2 Nxf1 44. Qxf1 Qb2 45. Qc1 Qxc1+ 46. Bxc1 Bb5 47. Kf2 g5 48. g3 f6 49. f4 Kf7 50. Ke3 Bf1 51. h4 gxf4+ 52. gxf4 h5 53. Ba3 exf4+ 54. Kxf4 Ke8 55. Bc5 Kd7 56.
Kf5 Bd3 57. Kxf6 Bxe4 58. Ke5 Bd3 59. Kd4 Bb1 60. c4 Ba2 61. Ba3 Bb3 62. Bb4 Ba2 63.
Ba5 Bb3 64. c5 Ba4 65. Ke5 Bb5 66. c6+ 1-0

[Event "*** Titled Tuesday Blitz"]
[Site "Chess.com"]
[Date "2019.10.01"]
[Round "7"]
[White "VerdeNotte"]
[Black "GadimbayliA"]
[Result "0-1"]
[WhiteElo "2769"]
[BlackElo "2872"]
[TimeControl "180+2"]
[EndTime "14:41:14 PDT"]
[Termination "GadimbayliA won by resignation"]

1. c4 e5 2. g3 Nf6 3. Bg2 d5 4. cxd5 Nxd5 5. Nc3 Nb6 6. Nf3 Nc6 7. a3 Be7 8. b4 O-O 9. O-O Be6 10. d3 a5 11.
b5 Nd4 12. Rb1 Nxf3+ 13. Bxf3 Rb8 14. Bd2 f5 15. Qc1 Bf6 16. Rd1 Qe7 17. Be3 Rfd8 18. a4 g5 19. Qc2 g4 20. Bg2 h5 21. Rbc1 h4 22. Nb1 Rd7 23. Bc5 Qh7 24. Nd2 Qh6 25.
Be3 Qh5 26. d4 hxg3 27. hxg3 Rh7 28. dxe5 Qh2+ 29. Kf1 Bd5 30. Bxd5+ Nxd5 31. Ke1 Be7 32. Nf1 Qg2 33. Qb3 Bb4+ 34. Bd2 Rh1 35. Bxb4 Rxf1+ 36. Kd2 Rxd1+ 37. Kxd1 axb4 38. Rxc7 Rd8 39. Rxb7 Kf8 40.
Kc1 Qf1+ 41. Kb2 Qxe2+ 42. Qc2 Qxe5+ 43. Kb3 Qd4 44. Qxf5+ Nf6 45. Rc7 Qd1+ 46. Kxb4 Qd2+ 47. Rc3 Qb2+ 48. Rb3 Qd4+ 49. Ka3 Qa1+ 50. Kb4 Rd4+ 51.
Kc5 Rd5+ 52. Qxd5 Nxd5 53. Kxd5 Qxa4 54. Rb2 Qa3 55. Rd2 Qc3 56. Rd4 Qf3+ 57. Ke5 Kg7 58.
Rf4 Qe2+ 59. Kf5 Kh6 60. b6 Kh5 61. Rb4 Qxf2+ 62. Rf4 Qxb6 63. Re4 Qf2+ 64. Ke6 Qxg3 65. Kd5 Kh4 66. Kd4 Qf2+ 67. Kd3 Qf3+ 68. Re3 Kg3 69. Kd2 Qxe3+ 70. Kxe3 Kh2 0-1

[Event "*** Titled Tuesday Blitz"]
[Site "Chess.com"]
[Date "2019.10.01"]
[Round "7"]
[White "Alex_32167"]
[Black "ShahMatKanal"]
[Result "0-1"]
[WhiteElo "2634"]
[BlackElo "2461"]
[TimeControl "180+2"]
[EndTime "14:41:14 PDT"]
[Termination "ShahMatKanal won by resignation"]

1. e4 c6 2. d4 d5 3. Nd2 g6 4. Ngf3 Bg7 5. c3 Bg4 6. h3 Bxf3 7.
Qxf3 dxe4 8. Nxe4 Nd7 9. Bc4 Ngf6 10. Ng5 O-O 11. O-O Nb6 12. Bb3 a5 13. a4 Nbd5 14.
Re1 h6 15. Ne4 Nxe4 16. Qxe4 e6 17. Bd2 Qb6 18. Ra3 Rfd8 19. c4 Nf6 20. Qf3 Qxd4 21. Bc3 Qh4 22. g3 Qg5 23. Re5 Qc1+ 24. Re1 Qg5 25.
Raa1 Qf5 26. Qg2 Nd7 27. g4 Qf4 28. Re4 Qg5 29. Bxg7 Kxg7 30. Bd1 Nc5 31. Re3 Rd4 32. b3 Rad8 33. Bf3 e5 34. Rae1 f6 35. Qg3 Ne6 36.
Re4 Rxe4 37. Rxe4 Qc1+ 38. Kh2 Nf4 39. h4 g5 40. Re3 Rd2 41. Be4 Qf1 42. Rf3 Rd1 43.
Re3 Rd2 44. Rf3 gxh4 45. Qg1 Qxg1+ 46. Kxg1 Rb2 47. c5 Rd2 48. Bf5 Rd1+ 49. Kh2 Rc1 50.
Bc8 Rxc5 51. Bxb7 Kg6 52. Bc8 Kg5 53. Re3 Rc2 54. Kg1 h3 55. Bf5 Rc1+ 56. Kh2 Rf1 57. Rf3 h5 58. Bd7 hxg4 59. Rg3 f5 60. Bxc6 Rxf2+ 61. Kg1 Rc2 62. Bb5 Ne2+ 63. Bxe2 Rxe2 64. Rc3 f4 0-1

[Event "*** Titled Tuesday Blitz"]
[Site "Chess.com"]
[Date "2019.10.01"]
[Round "7"]
[White "Leonid_Starozhilov"]
[Black "parmupill123"]
[Result "1/2-1/2"]
[WhiteElo "2675"]
[BlackElo "2526"]
[TimeControl "180+2"]
[EndTime "14:41:18 PDT"]
[Termination "Game drawn - insufficient material"]

1. Nf3 b6 2. e4 Bb7 3. Nc3 e6 4. Bd3 Nf6 5. O-O d5 6. exd5 Nxd5 7. Bb5+ Nd7 8. Ne5 Nf6 9. Bc6 Bxc6 10. Nxc6 Qc8 11.
d4 Bd6 12. Qf3 O-O 13. Bf4 Qa6 14. Rad1 Rfe8 15. Be5 Qc4 16. b3 Qa6 17. a4 Qc8 18.
Rfe1 h6 19. Nb5 Bxe5 20. dxe5 Nd5 21. c4 Ne7 22. Nxc7 Nxc6 23. Qxc6 Nc5 24. Qxa8 Qxa8 25. Nxa8 Rxa8 26. Re3 Kh7 27. f3 Kg6 28. g4 h5 29. h3 hxg4 30. hxg4 Kg5 31. Rd4 f6 32. Kg2 f5 33. Kg3 Rh8 34. f4+ Kg6 35. b4 Nxa4 36. Rd6 Re8 37. Ra3 Nb2 38. Rxa7 Nxc4 39. Rdd7 Rg8 40.
gxf5+ Kxf5 41. Rxg7 Rh8 42. Raf7+ Ke4 43. Rh7 Ra8 44. Rf6 Ra4 45. Rxe6 Rxb4 46. Re8 Ne3 47. e6 Nf5+ 48. Kg4 Rb3 49. Rh3 Rb1 50. Kg5 b5 51.
Kf6 Ra1 52. Rh5 Nd6 53. Re5+ Kxf4 54. Rd8 Ne4+ 55. Rxe4+ Kxe4 56. e7 Ra6+ 57. Kf7 Ra7 58. Rb8 Kd5 59. Kf6 Rxe7 60. Kxe7 Kc4 61. Rc8+ Kd5 62.
Kf6 b4 63. Kf5 Kd4 64. Kf4 b3 65. Rd8+ Kc3 66. Ke3 b2 67. Rc8+ Kb3 68. Rb8+ Kc2 69. Rc8+ Kd1 70. Rd8+ Kc1 71. Rc8+ Kd1 72. Rb8 Kc1 73. Kd3 b1=Q+ 74. Rxb1+ Kxb1 1/2-1/2

[Event "*** Titled Tuesday Blitz"]
[Site "Chess.com"]
[Date "2019.10.01"]
[Round "7"]
[White "kuli4ik"]
[Black "ChessWarrior7197"]
[Result "1-0"]
[WhiteElo "2795"]
[BlackElo "2901"]
[TimeControl "180+2"]
[EndTime "14:41:19 PDT"]
[Termination "kuli4ik won by resignation"]

1. Nf3 Nf6 2. g3 b6 3. Bg2 Bb7 4. O-O g6 5. c4 Bg7 6. Nc3 O-O 7. Re1 Ne4 8. Nxe4 Bxe4 9. d3 Bb7 10. Rb1 d5 11. b3 c5 12. cxd5 Bxd5 13. Bb2 Bxb2 14.
Rxb2 Nc6 15. Rd2 e5 16. Qa1 Qd6 17. Qc3 Rac8 18. h3 Nd4 19. Qb2 Nxf3+ 20. Bxf3 Bxf3 21. exf3 Rfe8 22. Qc3 Re6 23. Re3 Rce8 24. Rde2 Qd5 25. Qc4 Qxc4 26. dxc4 f6 27. f4 e4 28. f3 f5 29. fxe4 fxe4 30. Rd2 R8e7 31. Kf2 Kf7 32. Rd5 Kf6 33. Re2 e3+ 34. Kf3 Re4 35. Rd3 h6 36. Rexe3 Rxe3+ 37. Rxe3 Rd7 38. Ke2 g5 39. Rd3 Re7+ 40.
Kf3 gxf4 41. Kxf4 Re2 42. Rd6+ Ke7 43. Rxh6 Rxa2 44. g4 Rb2 45. h4 Rxb3 46. Rh7+ Kf6 47. g5+ Kg6 48. Rh6+ Kg7 49. h5 Rb1 50. Rg6+ Kh7 51.
Rf6 Rh1 52. Kg4 Rg1+ 53. Kf5 Rf1+ 54. Ke6 Rg1 55. Rh6+ Kg7 56. Rg6+ Kf8 57. h6 Re1+ 58. Kd6 Rd1+ 59. Kc6 Rh1 60. Rg7 Rh4 61. Rxa7 Kg8 62.
Kb5 Rg4 63. Kxb6 Rxg5 64. Rg7+ 1-0

[Event "*** Titled Tuesday Blitz"]
[Site "Chess.com"]
[Date "2019.10.01"]
[Round "7"]
[White "Dhaydon19"]
[Black "WPWPWP-2015"]
[Result "1-0"]
[WhiteElo "2683"]
[BlackElo "2479"]
[TimeControl "180+2"]
[EndTime "14:41:29 PDT"]
[Termination "Dhaydon19 won by resignation"]

1. d4 Nf6 2. Nf3 d5 3. c4 dxc4 4. Nc3 a6 5. a4 e6 6. Ne5 c5 7. dxc5 Qxd1+ 8. Kxd1 Bxc5 9. e3 Ke7 10. Bxc4 Rd8+ 11. Ke2 Nbd7 12. Nd3 Bd6 13. a5 b5 14.
axb6 Nxb6 15. b3 Bb7 16. f3 Nxc4 17. bxc4 Rac8 18. c5 Bb8 19. Ba3 Ke8 20. e4 a5 21.
Rhd1 Ba6 22. Ke3 Bxh2 23. Na4 Bg1+ 24. Rxg1 Rxd3+ 25. Kf2 Nd7 26. Rgd1 Rb3 27. Rd6 Bb5 28.
Nb6 Rc7 29. Nxd7 Rxd7 30. c6 Rxd6 31. Bxd6 a4 32. Rc1 Kd8 33. c7+ Kc8 34. Rd1 a3 35. Be5 Bd7 36. Rd6 a2 37. Ra6 Kb7 38. Rxa2 f6 39.
Bd6 Rd3 40. e5 fxe5 41. Bxe5 Rd5 42. f4 g5 43. Rb2+ Rb5 44. Rd2 Bc8 45. g3 gxf4 46.
gxf4 h5 47. Kg3 Rb1 48. Rh2 Rg1+ 49. Kf2 Rc1 50. Rxh5 Rc6 51. Ke3 Ra6 52. Rh8 Rc6 53. Kd4 Ra6 54. Rh2 Ra4+ 55. Kc5 Ra5+ 56. Kd6 Rd5+ 57.
Ke7 Rd7+ 58. Ke8 Rh7 59. Rb2+ Kc6 60. Rb8 Bd7+ 61. Kf8 Rh5 62. c8=Q+ Bxc8 63. Rxc8+ Kd5 64. Rd8+ Ke4 65. Ke7 Rh6 66. Rf8 Kd5 67. Rd8+ Ke4 68.
Kd6 Kf5 69. Rf8+ Ke4 70. Rf7 Rg6 71. Re7 Kf5 72. Rf7+ Ke4 73. Rh7 Kf5 74. Ke7 Ke4 75. Kf7 Rh6 76. Rxh6 1-0

[Event "*** Titled Tuesday Blitz"]
[Site "Chess.com"]
[Date "2019.10.01"]
[Round "7"]
[White "ahkashefi2800"]
[Black "Tolya2"]
[Result "1/2-1/2"]
[WhiteElo "2184"]
[BlackElo "2385"]
[TimeControl "180+2"]
[EndTime "14:41:31 PDT"]
[Termination "Game drawn by 50-move rule"]

1. d4 d5 2. c4 dxc4 3. Nc3 a6 4. a4 e6 5. Nf3 c5 6. d5 Nf6 7. e4 exd5 8. exd5 Bd6 9. Bxc4 O-O 10. O-O Bg4 11. h3 Bh5 12. Bg5 h6 13. Bh4 Bg6 14. Bd3 Bxd3 15. Qxd3 Nbd7 16. Rfe1 Qc7 17. Ne4 Nxe4 18.
Qxe4 b5 19. axb5 axb5 20. Rxa8 Rxa8 21. Qf5 Nf8 22. b3 c4 23. bxc4 bxc4 24. Qc2 Qc5 25. Kh1 c3 26. Bg3 Bxg3 27. fxg3 Rc8 28. Rd1 Qd6 29. Kh2 Ng6 30. Rd3 h5 31. Rxc3 Rxc3 32. Qxc3 h4 33. Qc8+ Kh7 34. Qg4 hxg3+ 35. Qxg3 Qxd5 36. Ng5+ Kg8 37. Qb8+ Nf8 38. Nf3 g6 39. h4 Kg7 40. Qe5+ Qxe5+ 41. Nxe5 Ne6 42. g3 f5 43. Nf3 Kf6 44. Kh3 Nc5 45. Ng5 Nd3 46. Nh7+ Kg7 47. Ng5 Nf2+ 48. Kg2 Ng4 49. Kf3 Kf6 50.
Kf4 Nf2 51. Nh7+ Kg7 52. Ng5 Kf6 53. Kf3 Nd3 54. Ke3 Nc5 55. Nf3 Ne6 56. Nd4 Ng7 57. Kf4 Nh5+ 58. Kf3 Ke5 59. Nc6+ Kf6 60. Nb4 Ng7 61.
Nd5+ Ke5 62. Ne7 Kf6 63. Nc6 Ne6 64. Nb4 Nd4+ 65. Ke3 Ne6 66. Nd5+ Ke5 67. Ne7 Kf6 68. Nd5+ Ke5 69. Nf4 Nf8 70. Nd3+ Kf6 71. Kf4 Ne6+ 72. Ke3 Ng7 73. Nc5 Nh5 74. Kf3 Ke5 75. Nd3+ Kf6 76. Nf4 Ng7 77. Nd5+ Kf7 78. Kf4 Nh5+ 79. Kf3 Ng7 80.
Kf4 Nh5+ 81. Kf3 Kg7 82. Nf4 Nf6 83. Ne6+ Kf7 84. Ng5+ Kg7 85. Kf4 Nh5+ 86. Kf3 Kf6 87. Nh3 Ng7 88. Nf4 Ne8 89. Nd5+ Ke5 90. Ne3 Nf6 91.
Nc4+ Ke6 92. Nd2 Nh5 1/2-1/2

[Event "*** Titled Tuesday Blitz"]
[Site "Chess.com"]
[Date "2019.10.01"]
[Round "7"]
[White "r31415"]
[Black "HanSchut"]
[Result "1-0"]
[WhiteElo "2400"]
[BlackElo "2216"]
[TimeControl "180+2"]
[EndTime "14:41:33 PDT"]
[Termination "r31415 won by resignation"]

1. e4 c5 2. Nf3 d6 3. d4 cxd4 4.
Nxd4 Nf6 5. Nc3 a6 6. h3 e6 7. g4 d5 8. exd5 Nxd5 9. Nde2 Bb4 10. Bg2 O-O 11. O-O Bxc3 12. Nxc3 Nxc3 13. bxc3 Qc7 14. Qf3 Nc6 15. Bf4 e5 16. Be3 Be6 17. a4 Na5 18. Rab1 Qxc3 19. Bb6 Qxf3 20. Bxf3 Nc6 21. Rfd1 Rfc8 22.
c3 h5 23. Rd6 hxg4 24. hxg4 Rab8 25. Kg2 g6 26. Kg3 Kg7 27. Be4 Ne7 28. Ba5 b5 29.
axb5 axb5 30. Bb4 Ng8 31. Ra6 Nf6 32. Bf3 Rc4 33. Bd6 Re8 34. Bxe5 g5 35. Rxb5 Kg6 36.
Be2 Ne4+ 37. Kg2 Rc5 38. Rxc5 Nxc5 39. Rc6 Nd7 40. Bd3+ Kh6 41. Bd4 f6 42. Kg3 Kg7 43.
Rc7 Kf7 44. Bb5 Rd8 45. Ra7 f5 46. Bb6 f4+ 47. Kg2 Rb8 48. Bxd7 Rxb6 49. Bxe6+ Kxe6 50. Ra5 Kf6 51. Rf5+ Kg6 52. c4 Rb3 53. c5 Rc3 54.
Kf1 Rc2 55. Kg2 Rc3 56. Rd5 Rc2 57. Kf3 Kf6 58. Rf5+ Kg6 59. Rd5 Kf6 60. Rd6+ Ke5 61. Rg6 Rc3+ 62. Kg2 f3+ 63. Kg3 Ke4 64. Rxg5 Rc1 65.
Rg8 Rg1+ 66. Kh4 Rg2 67. c6 Rh2+ 68. Kg5 Rxf2 69. c7 Rc2 70. c8=Q Rxc8 71. Rxc8 f2 72. Rf8 1-0

[Event "*** Titled Tuesday Blitz"]
[Site "Chess.com"]
[Date "2019.10.01"]
[Round "7"]
[White "Casablanca"]
[Black "hypert"]
[Result "0-1"]
[WhiteElo "2193"]
[BlackElo "2434"]
[TimeControl "180+2"]
[EndTime "14:41:35 PDT"]
[Termination "hypert won by resignation"]

1. d4 Nf6 2. Bg5 d5 3. e3 Nbd7 4. Bd3 e5 5. dxe5 Nxe5 6. Be2 Be7 7. Nf3 Nxf3+ 8. Bxf3 c6 9. c3 O-O 10. Nd2 h6 11. Bh4 Be6 12. Be2 c5 13. O-O Qb6 14.
Qb3 Qc7 15. Bg3 Qc6 16. Bb5 Qb6 17. Be2 Qxb3 18. Nxb3 Rac8 19. Rfd1 Rfd8 20. Rac1 Bd6 21. Bxd6 Rxd6 22. Bf3 b6 23. e4 Rdd8 24. exd5 Nxd5 25. Nd2 Nf4 26. b3 Bd5 27. Kf1 Be6 28. g3 Bh3+ 29. Kg1 Nd3 30. Rb1 Ne5 31. Bg2 Bf5 32.
Ne4 Nd3 33. Rd2 c4 34. Rbd1 b5 35. bxc4 bxc4 36. f4 Bg4 37. Rb1 Rb8 38. Rxb8 Rxb8 39. h3 Rb1+ 40. Kh2 Bf5 41. Nd6 Be6 42. f5 Rb6 43. fxe6 Rxd6 44. e7 Re6 45. Bd5 Rxe7 46. Bxc4 Ne5 47. Rd8+ Kh7 48. Be2 Rc7 49. Re8 f6 50. c4 h5 51. Kg2 h4 52. gxh4 Nxc4 53. Bd3+ g6 54. Bxc4 Rxc4 55. Re7+ Kh6 56. Rxa7 Rxh4 57.
a4 f5 58. Kg3 Rb4 59. Ra8 Kg5 60. a5 Rb3+ 61. Kg2 Ra3 62. a6 Kf4 63. a7 Ra2+ 64. Kf1 g5 65. h4 Kf3 66. Ke1 gxh4 67. Rh8 Ra1+ 68. Kd2 Rxa7 69. Rxh4 f4 70. Rh3+ Kg2 71. Rh8 Re7 72. Rg8+ Kf2 73. Rf8 f3 74. Kd3 Kg2 75. Rg8+ Kf1 76. Rf8 f2 77. Rf6 Rd7+ 78. Kc2 Rd5 79.
Rf8 Ke2 80. Re8+ Kf3 81. Rf8+ Ke3 82. Re8+ Kf4 83. Rf8+ Rf5 84. Rh8 f1=Q 85. Rh4+ Kg3 86. Rd4 Rf2+ 87. Kc3 Qa1+ 0-1

[Event "*** Titled Tuesday Blitz"]
[Site "Chess.com"]
[Date "2019.10.01"]
[Round "7"]
[White "abubakrtagelsir"]
[Black "Me_ch_an"]
[Result "1/2-1/2"]
[WhiteElo "2377"]
[BlackElo "2356"]
[TimeControl "180+2"]
[EndTime "14:41:37 PDT"]
[Termination "Game drawn - insufficient material"]

1. e4 c5 2. Nc3 a6 3. f4 b5 4.
Nf3 Bb7 5. d4 cxd4 6. Qxd4 e6 7.
Bd3 Qc7 8. Qf2 Nf6 9. e5 Nd5 10. Nxd5 Bxd5 11. O-O Be7 12. Be3 O-O 13. Rad1 d6 14.
a3 Nd7 15. exd6 Qxd6 16. Ng5 Nf6 17. b4 Qc6 18. Qg3 h6 19. Nf3 Bxf3 20. Qxf3 Qxf3 21. Rxf3 Rfd8 22. Re1 Nd5 23. Bc1 Rac8 24. f5 exf5 25. Rxf5 Bf6 26. h3 Bd4+ 27. Kh1 Nf6 28. Ref1 Rd6 29.
R5f4 Re8 30. R4f3 Rde6 31. Bd2 Bb2 32. Bc1 Bxc1 33. Rxc1 Re1+ 34. Rxe1 Rxe1+ 35. Kh2 Nd5 36. Bf5 Kf8 37. Bc8 Nc7 38. Rc3 Nd5 39. Rc5 Ne3 40.
Bxa6 Re2 41. Bb7 Rxc2 42. Bc6 Rxc5 43. bxc5 Nc4 44. Bxb5 Nxa3 45. Bd3 Ke7 46. Kg3 Ke6 47. Be4 f5 48. Bf3 Nb5 49. Kf4 g5+ 50. Ke3 Ke5 51. Kd3 Kf4 52. Kc4 Nc7 53. c6 g4 54. hxg4 fxg4 55.
Bd5 Ke5 56. Bf7 Kd6 57. Bh5 Kxc6 58. Bxg4 Kd6 59. Kd4 Ne8 60. Bf5 Nf6 61. Bh3 Ke7 62. Ke5 Kf7 63. Kf5 Kg7 64. g3 Nh5 65. g4 Nf6 66. Bg2 Nxg4 67. Kxg4 Kg6 68. Be4+ Kg7 69. Kh5 Kh8 70. Kxh6 1/2-1/2

[Event "*** Titled Tuesday Blitz"]
[Site "Chess.com"]
[Date "2019.10.01"]
[Round "7"]
[White "mbojan"]
[Black "Jumbo"]
[Result "1/2-1/2"]
[WhiteElo "2577"]
[BlackElo "2794"]
[TimeControl "180+2"]
[EndTime "14:41:46 PDT"]
[Termination "Game drawn by repetition"]

1. e4 g6 2. d4 Bg7 3. Nc3 d6 4. f4 Nf6 5. Nf3 c5 6. d5 O-O 7. Bc4 Na6 8. O-O Nc7 9. a4 e6 10. dxe6 Bxe6 11. Bxe6 Nxe6 12. f5 Nd4 13. Bg5 h6 14. Bxf6 Bxf6 15. Nd5 Nxf3+ 16. Qxf3 Bxb2 17. Rab1 Bd4+ 18. Kh1 b6 19. Qg4 Qg5 20. Qxg5 hxg5 21.
f6 Rae8 22. c3 Be5 23. g4 Re6 24. Rf3 Rb8 25. Rb5 Bf4 26. a5 Rxe4 27. axb6 axb6 28. Ne7+ Rxe7 29. fxe7 Re8 30. Rxb6 Rxe7 31. h3 Re2 32. Rb7 Kg7 33. Rd7 Kf8 34. Kg1 Rc2 35. h4 Ke8 36.
Ra7 Re2 37. hxg5 Re4 38. Kf1 Kf8 39. Rb7 Kg8 40. Kf2 Kg7 41. Rd7 Kg8 42. Kf1 Kf8 43.
Kf2 Rc4 44. Ke2 Ke8 45. Rb7 Re4+ 46. Kd3 d5 47. Rb5 Bd6 48. Rb7 c4+ 49. Kc2 Re7 50.
Rxe7+ Bxe7 51. Re3 Kd7 52. Kd1 Kd6 53. Rf3 Ke6 54. Re3+ Kd6 55. Rf3 Ke6 56. Re3+ Kd7 57. Ke2 Kd6 58. Kf3 Bxg5 59. Re8 Bf6 60. Re3 Be5 61. Ke2 Ke6 62. Rf3 f6 63. Kd2 Kf7 64.
Rh3 Kg7 65. Rh1 g5 66. Ra1 Kg6 67. Ra6 d4 68. cxd4 Bxd4 69. Rc6 c3+ 70. Kd3 Be5 71. Ke4 Kf7 72. Rc4 Ke6 73. Rc8 Kd6 74.
Rc4 Kd7 75. Rc5 Ke6 76. Rc6+ Kd7 77. Kd5 Ke7 78. Rc4 Kd7 79. Rc6 Ke7 80. Rc4 Kf7 81.
Ke4 Ke6 82. Rc6+ Kd7 83. Kd5 1/2-1/2

[Event "*** Titled Tuesday Blitz"]
[Site "Chess.com"]
[Date "2019.10.01"]
[Round "7"]
[White "Grieve72"]
[Black "TheFireChess"]
[Result "1/2-1/2"]
[WhiteElo "2340"]
[BlackElo "2504"]
[TimeControl "180+2"]
[EndTime "14:41:47 PDT"]
[Termination "Game drawn by repetition"]

1. e4 c6 2. d4 d5 3. e5 c5 4. dxc5 Nc6 5. a3 a5 6. Nc3 d4 7. Nb5 Nh6 8. Nf3 Bg4 9. h3 Bxf3 10. Qxf3 a4 11. Bd3 Rc8 12. Bxh6 gxh6 13. O-O Nxe5 14. Qxb7 Bg7 15. Rfe1 O-O 16. Rxe5 Bxe5 17. Qe4 Re8 18. Qxe5 Qd7 19. Qe4 f5 20. Qxf5 Qxf5 21. Bxf5 Rxc5 22.
Bd3 e5 23. f3 Kg7 24. Re1 Rb8 25. Nd6 Rxb2 26. f4 exf4 27. Re7+ Kf6 28. Rxh7 Re5 29. Nc4 Rb1+ 30. Kf2 Ree1 31. Rxh6+ Kg7 32. Rg6+ Kf7 33. Ra6 Ra1 34. Rxa4 Rec1 35. Ra6 Ke7 36. a4 Ra2 37. Kf3 Rca1 38. a5 Rg1 39. Rd6 Ra4 40. Rxd4 Rc1 41.
Rxf4 Rca1 42. h4 Rh1 43. g3 Rha1 44. h5 Rh1 45. Kg4 Rb4 46. Re4+ Kf8 47. a6 Ra4 48. Ne5 Ra5 49. Kf4 Rxh5 50. Ng6+ Kg7 51. Re6 Rhd5 52. Be4 Rd4 53. Ne5 Raa4 54. Nc6 Rdc4 55. Kf5 Rxa6 56.
Ne5 Ra5 57. Re7+ Kf8 58. Kf6 Ra6+ 59. Bc6 Rcxc6+ 60. Nxc6 Rxc6+ 61. Re6 Rxc2 62. g4 Rf2+ 63. Kg6 Ra2 64. g5 Ra8 65. Kf6 Kg8 66. Rb6 Rf8+ 67. Kg6 Rc8 68. Kh6 Rd8 69. g6 Ra8 70. Re6 Rc8 71. Re7 Ra8 72. Rg7+ Kh8 73. Rh7+ Kg8 74.
Rb7 Rc8 75. Re7 Ra8 76. Kg5 Ra5+ 77. Kf6 Ra6+ 78. Re6 Ra8 79. Rd6 Rf8+ 80. Kg5 Kg7 81.
Rd7+ Kg8 82. Ra7 Rb8 83. Kh6 Rc8 84. Rb7 Ra8 85. Rg7+ Kh8 86. Re7 Kg8 1/2-1/2

[Event "*** Titled Tuesday Blitz"]
[Site "Chess.com"]
[Date "2019.10.01"]
[Round "7"]
[White "przemekpiotrowski"]
[Black "vovachesss"]
[Result "1/2-1/2"]
[WhiteElo "2416"]
[BlackElo "2526"]
[TimeControl "180+2"]
[EndTime "14:42:04 PDT"]
[Termination "Game drawn by agreement"]

1. d4 Nf6 2. Nf3 d6 3. c4 Nc6 4. Nc3 g6 5. g3 Bg7 6. Bg2 O-O 7. O-O e5 8. Bg5 h6 9. Bxf6 Bxf6 10. dxe5 Nxe5 11. Nxe5 dxe5 12. Qxd8 Rxd8 13. Rfd1 c6 14. Ne4 Be7 15. Rxd8+ Bxd8 16. Nd6 Kf8 17. Rd1 Ke7 18. c5 Rb8 19. b4 Be6 20. a3 Bc7 21. b5 Rd8 22. bxc6 bxc6 23. Bxc6 Bxd6 24. cxd6+ Rxd6 25. Rc1 Rd2 26. Kf1 Ra2 27. Rc3 Kd6 28. Be8 Bd5 29.
f3 e4 30. fxe4 Be6 31. Kf2 Bg4 32. Bb5 Ke5 33. Ke3 Be6 34. a4 g5 35. h4 gxh4 36.
gxh4 Ra1 37. Rc5+ Kf6 38. Rc6 Rh1 39. Bc4 Rxh4 40. Bxe6 fxe6 41. Ra6 Rh3+ 42. Kf2 Ra3 43. Rxa7 Ke5 44. Rh7 Rxa4 45. Rxh6 Rxe4 46. Rh5+ Kd4 47. Ra5 Rf4+ 48. Ke1 Rf6 49. Ra4+ Ke3 50. Ra3+ Ke4 51.
Ra4+ Kf5 52. Kf2 e5 53. Ke3 Rb6 54. Ra3 Rh6 55. Ra8 Rh3+ 56. Kf2 Rb3 57. Ra4 e4 58. Ra8 Rh3 59. Rf8+ Ke5 60. Re8+ Kf4 61. Rf8+ Kg5 62. Rg8+ Kf6 63. Rg3 Rh5 64. Ke3 Ke5 65. Rg8 Rh3+ 66.
Kf2 e3+ 67. Kg2 Rh7 68. Kf3 Rh3+ 69. Rg3 Rh4 70. Kxe3 Ra4 71. Rg5+ Kf6 72. Rb5 Ke6 73. Kf3 Kf6 74. e4 Ra1 75. Rb6+ Ke5 76. Rb5+ Ke6 77. Rh5 Rf1+ 78. Ke2 Ra1 79. Kd3 Rd1+ 80. Ke2 Ra1 81.
Ke3 Re1+ 82. Kf2 Ra1 83. Rb5 Rc1 84. Ra5 Rb1 85. Ke2 Rh1 86. Kf3 Rf1+ 87. Ke3 Re1+ 88. Kd3 Rd1+ 89. Ke3 Re1+ 90. Kf4 Rf1+ 91. Kg3 Rf8 92.
Rg5 Rf1 1/2-1/2